 Dungeon Crawl Stone Soup version 0.26.0-15-gc6cd9f7 (webtiles) character file.

Game seed: 10270491690732737077

72649 MercyWheel the Severer (level 15, -1/132 HPs)
             Began as a Deep Dwarf Fighter on Jan 16, 2021.
             Was the Champion of Makhleb.
             Splashed by an oklob plant's acid (15 damage)
             ... on level 5 of the Lair of Beasts.
             The game lasted 01:12:52 (17818 turns).

MercyWheel the Severer (Deep Dwarf Fighter)        Turns: 17818, Time: 01:12:53

Health: -1/132     AC:  1    Str: 34    XL:     15   Next: 1%
Magic:  8/8        EV: 30    Int:  9    God:    Makhleb [******]
Gold:   1578       SH: 23    Dex: 16    Spells: 14/14 levels left

rFire    + . .     SeeInvis +   a - +3 broad axe (flame)
rCold    + + +     Faith    .   R - +1 tower shield {rC+}
rNeg     + . .     Spirit   .   W - +3 ring mail {rF+}
rPois    .         Reflect  .   O - +1 hat {SInv}
rElec    .         Harm     .   Q - +2 cloak {rC+}
rCorr    .         Rampage  .   t - +0 pair of gloves
Will     +++..                  S - +0 pair of boots {run}
Stlth    +.........             j - amulet of the acrobat
HPRegen  0.00/turn              r - +6 ring of strength
MPRegen  0.11/turn              c - ring of Toskov {rC+ Will+ Str+6}

@: corroded, acrobat, non-regenerating, quick
A: damage resistance, heal wounds, negative energy resistance 1, sense
surroundings 2, no regeneration
a: Heal Wounds, Renounce Religion, Minor Destruction, Lesser Servant of Makhleb,
Major Destruction, Greater Servant of Makhleb


You were on level 5 of the Lair of Beasts.
You worshipped Makhleb.
Makhleb was exalted by your worship.
You visited 6 branches of the dungeon, and saw 24 of its levels.
You also visited: Bailey, Ice Cave and Volcano.

You collected 2713 gold pieces.
You spent 1135 gold pieces at shops.

Inventory:

Hand Weapons
 a - a +3 broad axe of flaming (weapon)
 C - the +6 rapier "Poaghoy" {drain, rPois Dex+2}
   (You found it on level 8 of the Dungeon)

   A truly terrible weapon, it drains the life of those it strikes.
   It affects your dexterity (+2).
   It protects you from poison.
Armour
 t - a +0 pair of gloves (worn)
 L - a +0 helmet
 O - a +1 hat of see invisible (worn)
 Q - a +2 cloak of cold resistance (worn)
 R - a +1 tower shield of cold resistance (worn)
 S - a +0 pair of boots of running (worn)
 V - a +2 leather armour of fire resistance
 W - a +3 ring mail of fire resistance (worn)
Jewellery
 b - the amulet of Circularity {Faith rC+ Dex+4}
   (You found it on level 1 of the Snake Pit)

   [amulet of faith]

   It allows you to gain divine favour quickly.
   It affects your dexterity (+4).
   It protects you from cold.
 c - the ring of Toskov (right hand) {rC+ Will+ Str+6}
   (You bought it in a shop on level 2 of the Snake Pit)

   [ring of strength]

   It affects your strength (+6).
   It protects you from cold.
   It affects your willpower, your defense against some magical effects.
 j - an amulet of the acrobat (around neck)
 k - an uncursed ring of fire
 r - a +6 ring of strength (left hand)
 y - the ring "Uwiess" {rC++ MP+9}
   (You found it on level 6 of the Dungeon)

   [ring of magical power]

   It greatly protects you from cold.
   It affects your magic capacity (+9).
 D - an uncursed ring of ice
 E - an uncursed amulet of magic regeneration
 J - an uncursed ring of positive energy
 N - an uncursed ring of resist corrosion
Wands
 i - a wand of disintegration (17)
 s - a wand of random effects (47)
 x - a wand of flame (60)
 A - a wand of iceblast (10)
 H - a wand of digging (10)
 Y - a wand of paralysis (10)
Scrolls
 d - 2 scrolls of fear
 h - 8 scrolls of teleportation
 m - 15 scrolls of remove curse
 n - 5 scrolls of identify
 o - 2 scrolls of fog
 q - 2 scrolls of immolation
 u - a scroll of vulnerability
 v - 4 scrolls of enchant armour
 w - a scroll of enchant weapon
 B - 2 scrolls of amnesia
 F - 3 scrolls of blinking
Potions
 e - 12 potions of curing
 f - 4 potions of heal wounds
 g - 2 potions of lignification {unknown}
 l - 2 potions of cancellation
 p - 4 potions of flight
 z - 5 potions of brilliance
 G - 5 potions of haste
 I - 3 potions of attraction
 K - 5 potions of might
 M - 2 potions of ambrosia
 P - 7 potions of mutation
 T - 3 potions of berserk rage
 X - 2 potions of resistance
 Z - a potion of magic {unknown}


   Skills:
 + Level 7.8 Fighting
 - Level 16.3 Axes
 - Level 8.4 Armour
 - Level 8.5 Dodging
 - Level 14.3 Shields
 - Level 15.0 Invocations
 * Level 0.0 Evocations


You had 14 spell levels left.
You didn't know any spells.
Your spell library contained the following spells:

 Spells                   Type           Power        Failure   Level
 Corona                   Hex            0%           91%         1
 Freeze                   Ice            0%           91%         1
 Sandblast                Erth           0%           91%         1
 Shock                    Conj/Air       0%           91%         1
 Passwall                 Tmut/Erth      0%           97%         2
 Searing Ray              Conj           0%           97%         2
 Slow                     Hex            0%           97%         2
 Swiftness                Air            0%           97%         2
 Confusing Touch          Hex            0%           99%         3
 Frozen Ramparts          Ice            0%           99%         3
 Gell's Gravitas          Tloc           0%           99%         3
 Ignite Poison            Fire/Tmut/Pois 0%           99%         3
 Inner Flame              Hex/Fire       0%           99%         3
 Ozocubu's Armour         Ice            0%           99%         3
 Portal Projectile        Hex/Tloc       0%           99%         3
 Static Discharge         Conj/Air       0%           99%         3
 Stone Arrow              Conj/Erth      0%           99%         3
 Airstrike                Air            0%           100%        4
 Cause Fear               Hex            0%           100%        4
 Hailstorm                Conj/Ice       0%           100%        4
 Iskenderun's Mystic Bla  Conj/Tloc      0%           100%        4
 Leda's Liquefaction      Hex/Erth       0%           100%        4
 Petrify                  Tmut/Erth      0%           100%        4
 Summon Ice Beast         Ice/Summ       0%           100%        4
 Fireball                 Conj/Fire      0%           100%        5
 Irradiate                Conj/Tmut      0%           100%        5
 Iskenderun's Battlesphe  Conj           0%           100%        5
 Lee's Rapid Deconstruct  Erth           0%           100%        5
 Lightning Bolt           Conj/Air       0%           100%        5
 Metabolic Englaciation   Hex/Ice        0%           100%        5
 Yara's Violent Unravell  Hex/Tmut       0%           100%        5
 Freezing Cloud           Conj/Ice/Air   0%           100%        6
 Hydra Form               Tmut           0%           100%        6
 Starburst                Conj/Fire      0%           100%        6
 Statue Form              Tmut/Erth      0%           100%        6
 Dragon Form              Tmut           0%           100%        7
 Ignition                 Fire           0%           100%        8


Dungeon Overview and Level Annotations

Branches:
Dungeon (13/15)            Temple (1/1) D:5            Lair (5/6) D:11
 Shoals (0/4) Lair:2        Snake (2/4) Lair:2        Slime (0/5) Lair:5
    Orc (2/2) D:11            Elf (1/3) Orc:2        Vaults (0/5) D:13
 Bailey (visited)           IceCv (visited)         Volcano (visited)

Altars:
Ashenzari
Cheibriados
Dithmenos
Elyvilon
Fedhas
Gozag
Hepliaklqana
Kikubaaqudgha
Makhleb
Nemelex Xobeh
Okawaru
Qazlal
Ru
Sif Muna
Trog
Uskayaw
Vehumet
Wu Jian
Xom
Yredelemnul
Zin
The Shining One
Beogh
Jiyva

Shops:
D:9 *   Orc:2 *?((   Snake:2 }==

Annotations:
D:3 exclusion: downstairs
D:5 3 runed translucent doors, exclusion: 2 downstairs, brinewave's ghost, novice MiMo
D:6 Dowan
D:9 1 runed translucent door, vykuza's ghost, novice MiFi
D:12 exclusion: 2 downstairs
Lair:5 3 runed translucent doors, exclusion: 4 oklob plants, Zimaveycw's ghost, journeyman OpFi
Snake:1 1 runed translucent door


Innate Abilities, Weirdness & Mutations

You are resistant to damage.
You can heal yourself by infusing magical energy.
You resist negative energy. (rN+)
You passively map the area around you.
You do not regenerate.


Message History

You are splashed with acid!
The oklob plant spits acid at you. The splash of acid hits you.
The acid corrodes you!
You are splashed with acid!
Evoke which item? (* to show all) (? for menu, Esc to quit)
Okay, then.
Evoke which item? (* to show all) (? for menu, Esc to quit)
Okay, then.
Really walk into a travel-excluded area?
You see here a scroll of enchant weapon.
w - a scroll of enchant weapon The oklob plant spits acid at you.
The splash of acid hits you!
* * * LOW HITPOINT WARNING * * *
The acid corrodes you!
You are splashed with acid!
* * * LOW HITPOINT WARNING * * *
The oklob plant spits acid at you. The splash of acid hits you!!
* * * LOW HITPOINT WARNING * * *
The acid corrodes you!
You are splashed with acid!
You die...

##...P#...###.......## ,**
#...P.....##.........# ,
##..####+..#......P..##
#######.###..##P.....##..####
#$($.....#.....[.............
#!P.?P.......................
#..).........................
#P...$.......................
#.P.........@...........#####
###.#P.+##.....###.##.8.#
#.....P........##.##.....
#.........#....##.##8.>(8
###.........##....##(#.....
#P#.........##....#..##....
#...........#.....#..##...#
##...........#.....##......
##.........#.....P##...8..


You could see an oklob plant.

Vanquished Creatures
  Gastronok (Orc:1)
  2 nagarajas (Snake:2)
  A frost giant (IceCv)
  2 stone giants
  Josephine (Snake:1)
  5 hydras
  A catoblepas (Lair:5)
  2 boulder beetles
  2 anacondas
  A two-headed ogre (Orc:2)
  A naga sharpshooter (Snake:2)
  Nergalle (Orc:1)
  A fire crab (Lair:5)
  A lindwurm (Lair:4)
  2 orc knights
  3 mana vipers
  2 salamanders
  7 orc sorcerers
  An oklob plant (Orc:2)
  A cyclops (shapeshifter) (D:13)
  An ugly thing (D:12)
  A cyclops (D:13)
  A merfolk siren (Lair:2)
  2 naga magi
  Joseph (D:7)
  7 black mambas
  8 cane toads
  An ice statue (IceCv)
  Maggie (D:6)
  4 rime drakes
  An efreet (Volcano)
  9 komodo dragons
  5 trolls
  A hornet (D:13)
  13 polar bears
  Grinder (D:6)
  19 blink frogs
  Sigmund (D:4)
  6 wraiths
  52 yaks
  A fire elemental (Volcano)
  A vampire (D:10)
  2 wyverns
  Grum (D:10)
  3 basilisks
  3 fire bats (Orc:2)
  3 vampire mosquitoes (D:12)
  6 wargs (Orc:2)
  7 nagas
  12 water moccasins
  Duvessa (D:6)
  19 orc warriors
  2 sky beasts
  2 ice beasts
  2 black bears
  A necrophage (D:13)
  8 ogres
  An eye of draining (D:12)
  4 centaurs
  3 phantoms
  20 wolves
  A big kobold (shapeshifter) (D:13)
  A big kobold (D:8)
  Blork the orc (D:6)
  12 bullfrogs
  2 earth elementals (Volcano)
  A gnoll sergeant (D:8)
  5 scorpions
  10 killer bees (D:7)
  10 wights
  2 electric eels (Lair:3)
  A howler monkey (D:12)
  2 quasits
  9 orc priests
  5 hounds
  7 jellies
  3 centaur skeletons
  A gnoll shaman (D:4)
  39 orc wizards
  3 bullfrog skeletons
  Jessica (D:3)
  6 iguanas
  10 worker ants
  11 hell rats
  2 killer bee zombies
  2 hound zombies
  A hound skeleton (D:5)
  A worker ant zombie (D:5)
  10 gnolls
  A howler monkey skeleton (D:2)
  17 adders
  4 shadow imps
  3 white imps
  2 ufetubi
  An ooze (D:3)
  An adder skeleton (D:7)
  An adder zombie (D:5)
  2 worms
  A dart slug (D:3)
  6 leopard geckos
  95 orcs
  2 ball pythons
  5 giant cockroaches
  24 goblins
  20 hobgoblins
  10 jackals
  10 kobolds
  4 quokkas
  4 bats
  4 frilled lizards
  6 rats
  A butterfly (Lair:5)
658 creatures vanquished.

Vanquished Creatures (collateral kills)
  Aizul (Snake:2)
  Nessos (D:12)
  2 ettins (Orc:1)
  2 hydras
  A shock serpent (Snake:2)
  A deep troll (shapeshifter) (D:13)
  An orc sorcerer (Orc:2)
  A centaur zombie (D:12)
  A black mamba (Snake:2)
  3 gargoyles
  A cane toad (Lair:2)
  A rime drake (Orc:1)
  A komodo dragon (Lair:2)
  A merfolk (Lair:2)
  4 polar bears (IceCv)
  A vampire (D:10)
  5 yaks
  A warg (Orc:2)
  A naga (Snake:2)
  A soldier ant (D:12)
  2 orc warriors
  A sky beast (D:12)
  6 wolves
  4 ogres
  An orc priest (Orc:2)
  8 orc wizards
  An adder (D:12)
  8 orcs
  A hobgoblin (Bailey)
63 creatures vanquished.

Vanquished Creatures (others)
  A worker ant (D:5)
  An adder (D:5)
  A gnoll (D:5)
  A giant cockroach (D:5)
  12 fungi
  32 plants
48 creatures vanquished.

Grand Total: 769 creatures vanquished

Notes
Turn   | Place    | Note
-------+----------+-------------------------------------------
     0 | D:1      | MercyWheel the Deep Dwarf Fighter began the quest for the
                  | Orb.
     0 | D:1      | Reached XP level 1. HP: 20/20 MP: 1/1
    49 | D:1      | You fall into a shaft and drop 1 floor!
    63 | D:2      | Reached skill level 3 in Axes
    63 | D:2      | Reached XP level 2. HP: 24/27 MP: 2/2
   130 | D:2      | Found a sacrificial altar of Ru.
   143 | D:2      | Reached XP level 3. HP: 17/33 MP: 3/3
   147 | D:2      | Reached skill level 4 in Axes
   471 | D:3      | Reached XP level 4. HP: 27/40 MP: 4/4
   511 | D:3      | Found a hide-covered altar of Uskayaw.
   543 | D:3      | Noticed Jessica
   545 | D:3      | Killed Jessica
   546 | D:3      | Reached skill level 5 in Axes
   654 | D:3      | Found an ancient bone altar of Kikubaaqudgha.
   710 | D:3      | Reached XP level 5. HP: 20/46 MP: 5/5
   721 | D:3      | Reached skill level 6 in Axes
   974 | D:4      | Noticed Sigmund
  1065 | D:4      | Reached XP level 6. HP: 37/55 MP: 6/6
  1307 | D:4      | Killed Sigmund
  1308 | D:4      | Reached skill level 5 in Shields
  1308 | D:4      | Reached XP level 7. HP: 41/61 MP: 7/7
  1343 | D:4      | Found a glowing golden altar of the Shining One.
  1519 | D:5      | Entered Level 5 of the Dungeon
  1627 | D:5      | Found a staircase to the Ecumenical Temple.
  1747 | D:5      | Reached skill level 7 in Axes
  1758 | Temple   | Entered the Ecumenical Temple
  2357 | D:5      | Found a shimmering altar of Xom.
  2423 | D:5      | Reached XP level 8. HP: 58/68 MP: 8/8
  2436 | D:5      | Found a runed translucent gate.
  2436 | D:5      | Found a runed translucent gate.
  2436 | D:5      | Found a runed translucent gate.
  2436 | D:5      | Identified the +4 short sword "Ynalust Dyfe" {drain, +Inv
                  | rN+++ Str-3 Dex+2}
  2436 | D:5      | Noticed brinewave's ghost (novice MiMo)
  2568 | D:5      | Reached skill level 8 in Axes
  2867 | D:6      | Reached skill level 9 in Axes
  2868 | D:6      | Noticed Blork the orc
  2897 | D:6      | Killed Blork the orc
  2903 | D:6      | Got a transparent tin ring
  2904 | D:6      | Identified the ring "Uwiess" {rC++ MP+9} (You found it on
                  | level 6 of the Dungeon)
  2971 | D:6      | Noticed Grinder
  2983 | D:6      | Reached skill level 10 in Axes
  2997 | D:6      | Killed Grinder
  3001 | D:6      | Found an opulent altar of Gozag.
  3001 | D:6      | Noticed Maggie
  3028 | D:6      | Killed Maggie
  3029 | D:6      | Reached skill level 5 in Fighting
  3029 | D:6      | Gained mutation: You passively map the area around you.
                  | [Deep Dwarf growth]
  3029 | D:6      | Reached XP level 9. HP: 43/81 MP: 8/8
  3079 | D:6      | Noticed Duvessa
  3103 | D:6      | Noticed Dowan
  3112 | D:6      | Killed Duvessa
  3243 | D:6      | Found a burning altar of Makhleb.
  3244 | D:6      | Found a radiant altar of Vehumet.
  3247 | D:6      | Found a sparkling altar of Nemelex Xobeh.
  3247 | D:6      | Found an iron altar of Okawaru.
  3251 | D:6      | Became a worshipper of Makhleb the Destroyer
  3458 | D:6      | Reached skill level 5 in Dodging
  3850 | D:7      | Found a bloodstained altar of Trog.
  3858 | D:7      | Found an ornate altar of the Wu Jian Council.
  3864 | D:7      | Reached skill level 5 in Armour
  3868 | D:7      | Found a white marble altar of Elyvilon.
  4003 | D:7      | Noticed Joseph
  4004 | D:7      | Reached * piety under Makhleb
  4034 | D:7      | Killed Joseph
  4035 | D:7      | Reached skill level 11 in Axes
  4070 | D:7      | Reached skill level 1 in Invocations
  4582 | D:8      | Reached XP level 10. HP: 76/88 MP: 11/11
  4692 | D:8      | Reached ** piety under Makhleb
  4782 | D:8      | Reached skill level 5 in Invocations
  4849 | D:8      | Got a steaming rapier
  4856 | D:7      | Identified the +6 rapier "Poaghoy" {drain, rPois Dex+2}
                  | (You found it on level 8 of the Dungeon)
  5199 | D:9      | Found a runed translucent door.
  5220 | D:9      | Reached skill level 12 in Axes
  5220 | D:9      | Identified the +7 trident of Cowardice {protect, Will+
                  | Str+3}
  5221 | D:9      | Noticed vykuza's ghost (novice MiFi)
  5673 | D:9      | Found Wuseos's Assorted Antiques.
  5862 | D:10     | Entered Level 10 of the Dungeon
  5968 | D:10     | Reached *** piety under Makhleb
  6000 | D:10     | Noticed Grum
  6034 | D:10     | Killed Grum
  6624 | D:11     | Reached XP level 11. HP: 72/91 MP: 12/12
  6647 | D:11     | Reached skill level 10 in Shields
  6687 | D:11     | Noticed a boulder beetle
  6800 | D:11     | Killed a boulder beetle
  6863 | D:11     | Found a staircase to the Orcish Mines.
  7263 | D:11     | Found a staircase to the Lair.
  7492 | D:12     | Found a flagged portal.
  7522 | Bailey   | Entered a bailey
  7539 | Bailey   | Reached **** piety under Makhleb
  7540 | Bailey   | Reached skill level 13 in Axes
  7735 | Bailey   | Noticed an orc knight
  7745 | Bailey   | Reached ***** piety under Makhleb
  7769 | Bailey   | Killed an orc knight
  7817 | Bailey   | Noticed an orc warlord
  7817 | Bailey   | Noticed an orc knight
  7985 | D:12     | Reached skill level 14 in Axes
  8122 | D:12     | Noticed a white ugly thing
  8140 | D:12     | Killed a white ugly thing
  8448 | D:12     | Noticed a boulder beetle
  8518 | D:12     | Killed a boulder beetle
  8657 | D:12     | Noticed Nessos
  8679 | D:12     | Killed Nessos
  8680 | D:12     | Reached XP level 12. HP: 56/103 MP: 7/7
  8858 | D:13     | Found a hazy altar of Hepliaklqana.
  8947 | D:13     | Noticed a four-headed hydra
  8989 | Orc:1    | Entered Level 1 of the Orcish Mines
  8991 | Orc:1    | Noticed Gastronok
  8994 | Orc:1    | Noticed Nergalle
  9012 | Orc:1    | Killed Nergalle
  9025 | Orc:1    | Killed Gastronok
  9101 | Orc:1    | Noticed an ettin
  9111 | Orc:1    | Killed an ettin
  9174 | Orc:1    | Found a frozen archway.
  9187 | IceCv    | Entered an ice cave
  9602 | IceCv    | Reached skill level 10 in Invocations
  9679 | IceCv    | Reached skill level 15 in Axes
  9701 | IceCv    | Noticed a frost giant
  9731 | IceCv    | Killed a frost giant
  9957 | Orc:1    | Noticed an ettin
  9979 | Orc:1    | Killed an ettin
 10332 | Orc:2    | Entered Level 2 of the Orcish Mines
 10388 | Orc:2    | Reached XP level 13. HP: 98/108 MP: 8/8
 10445 | Orc:2    | Found Geovvohe's Antique Weapon Emporium.
 10474 | Orc:2    | Found a roughly hewn altar of Beogh.
 10490 | Orc:2    | Found Xauf's Magic Scroll Emporium.
 10490 | Orc:2    | Found Emuarph's Assorted Antiques.
 10570 | Orc:2    | Noticed a stone giant
 10592 | Orc:2    | Killed a stone giant
 10764 | Orc:2    | Found a staircase to the Elven Halls.
 10932 | Orc:2    | Found a dark tunnel.
 10944 | Volcano  | Entered a volcano
 11010 | Volcano  | Identified a +0 pair of boots of running (You found it in a
                  | volcano)
 11070 | Volcano  | Noticed a stone giant
 11086 | Volcano  | Killed a stone giant
 11409 | Orc:2    | Found Usuliv's Antique Weapon Boutique.
 11541 | Orc:2    | Bought a scroll of enchant armour for 120 gold pieces
 11904 | Elf:1    | Entered Level 1 of the Elven Halls
 12064 | D:13     | Found a gate to the Vaults.
 12381 | Lair:1   | Entered Level 1 of the Lair of Beasts
 12658 | Lair:1   | Reached skill level 16 in Axes
 13143 | Lair:2   | Found a staircase to the Snake Pit.
 13296 | Lair:2   | Found a staircase to the Shoals.
 13445 | Lair:2   | Reached ****** piety under Makhleb
 13456 | Lair:2   | Gained mutation: You resist negative energy. (rN+) [Deep
                  | Dwarf growth]
 13456 | Lair:2   | Reached XP level 14. HP: 117/117 MP: 10/10
 13560 | Lair:2   | Identified a scroll of acquirement
 13560 | Lair:2   | Acquired a +2 broad axe of flaming
 14741 | Lair:4   | Found a blossoming altar of Fedhas.
 15345 | Snake:1  | Entered Level 1 of the Snake Pit
 15612 | Snake:1  | Noticed Josephine
 15625 | Snake:1  | Killed Josephine
 16044 | Snake:1  | Found a runed translucent door.
 16071 | Snake:1  | Identified the amulet of Circularity {Faith rC+ Dex+4} (You
                  | found it on level 1 of the Snake Pit)
 16087 | Snake:1  | Identified the Papyrus of Freezing Conjuration
 16323 | Snake:2  | Noticed a nagaraja
 16338 | Snake:2  | Killed a nagaraja
 16561 | Snake:2  | Noticed Aizul
 16587 | Snake:2  | Killed Aizul
 16942 | Snake:2  | Found Cehianah's Gadget Emporium.
 16942 | Snake:2  | Found Leul's Jewellery Boutique.
 16943 | Snake:2  | Found Farchipead's Jewellery Boutique.
 16944 | Snake:2  | Noticed a nagaraja
 16967 | Snake:2  | Killed a nagaraja
 16981 | Snake:2  | Bought the ring of Toskov {rC+ Will+ Str+6} for 1015 gold
                  | pieces
 17395 | Lair:5   | Reached skill level 15 in Invocations
 17531 | Lair:5   | Reached XP level 15. HP: 85/132 MP: 8/8
 17581 | Lair:5   | Found a viscous altar of Jiyva.
 17582 | Lair:5   | Found a staircase to the Slime Pits.
 17703 | Lair:5   | Noticed Zimaveycw's ghost (journeyman OpFi)
 17712 | Lair:5   | Found a runed translucent gate.
 17712 | Lair:5   | Found a runed translucent gate.
 17712 | Lair:5   | Found a runed translucent gate.
 17818 | Lair:5   | Splashed by an oklob plant's acid

Illustrated notes

Levels and vault maps discovered:
D:1:      arrival_zaba_pyramid, layout_rooms, minmay_bisected
D:2:      layout_rooms, nicolae_ru_awakened_eye
D:3:      layout_loops_ring, general_overflow_altar,
          eat_drink_and_be_merry_uskayaw, amethyst_killhole, uniq_jessica
D:4:      layout_cave_pools, lemuel_round_altar, corexii_checkpoint_a,
          uniq_sigmund
D:5:      layout_loops_ring, xom_confusion_cloud, temple_green,
          gammafunk_ghost_nasty_kobolds
D:6:      layout_cave_pools, overflow_temple_1_default,
          grunt_temple_overflow_open, dk_noncrumbling_2, uniq_duvessa,
          uniq_grinder, uniq_maggie, uniq_blork_the_orc
D:7:      layout_loops_ring, minmay_overflow_temple_star_quad, okawaru_humans,
          uniq_joseph
D:8:      layout_basic, uniq_erica
D:9:      layout_small_grid, ebering_ghost_funeral_grove, serial_shops, shop
D:10:     layout_irregular_city, uniq_grum
D:11:     layout_stronghold, grunt_lair_entry_orc_guard_hut, hex_large,
          minivault_26, glass_columns_b, kennysheep_cross_bottleneck
D:12:     layout_cave_pods, enter_bailey_2, minivault_23, uniq_nessos
D:13:     layout_rooms, david_vaults_2, basic_altar
Temple:   jpeg_temple_island
Lair:1:   layout_cave_pods, grunt_megastairs_1
Lair:2:   layout_roguey, elwin_shoals_entry_rooms, guppyfry_snake_entry_garden,
          lemuel_fruit_tree, grunt_megastairs_4
Lair:3:   layout_gridlike, serial_bayou_shore_a
Lair:4:   layout_misc_corridors, basic_altar, chequers_serial_rivers_large_b
Lair:5:   layout_regular_city, slime_altar_1, gammafunk_ghost_icy,
          lemuel_fruit_fields, minmay_lair_oklob_chamber, grunt_megastairs_3,
          serial_bayou_shore_b
Snake:1:  cheibrodos_toxic_ritual, layout_onion, uniq_josephine
Snake:2:  layout_onion_interference, minmay_shop_grove, uniq_aizul
Orc:1:    layout_caves, portal_ice_cave_rime, uniq_nergalle, uniq_gastronok
Orc:2:    st_orc_town, layout_caves, nicolae_volcano_entry_batcave,
          mines3_lemuel
Elf:1:    minmay_elf_arrival_summoners, layout_gridlike, serial_shops,
          nicolae_shop_statue_plus, minmay_elf_necromancy

Skill      XL: |  1  2  3  4  5  6  7  8  9 10 11 12 13 14 |
---------------+-------------------------------------------+-----
Axes           | 3 4 5 6 7 10 11 12 14 15 16 | 16.3
Dodging        | 3 4 5 7 8 |  8.5
Shields        | 5 6 9 10 13 14 | 14.3
Fighting       | 5 7 |  7.8
Armour         | 6 8 |  8.4
Invocations    | 3 6 7 11 12 15 | 15.0

Action                   |  1- 3 |  4- 6 |  7- 9 | 10-12 | 13-15 || total
-------------------------+-------+-------+-------+-------+-------++-------
Melee: War axe           |    76 |   144 |   168 |   559 |   583 ||  1530
       Hand axe          |       |       |   303 |   599 |       ||   902
       Rapier            |       |       |       |    17 |       ||    17
       Broad axe         |       |       |       |       |   376 ||   376
 Fire: Hunting sling     |       |       |       |     3 |       ||     3
Throw: Throwing net      |       |       |     1 |     4 |     1 ||     6
       Javelin           |       |       |       |       |     5 ||     5
Invok: Minor Destruction |       |       |       |    20 |       ||    20
       Lesser Servant of |       |       |       |    20 |     8 ||    28
       Major Destruction |       |       |       |     2 |     6 ||     8
       Greater Servant o |       |       |       |       |     1 ||     1
 Abil: Heal Wounds       |     1 |     2 |     9 |    40 |    11 ||    63
Evoke: Wand              |       |       |     6 |    13 |     3 ||    22
  Use: Potion            |       |     1 |       |       |     6 ||     7
       Scroll            |       |       |     8 |     7 |    18 ||    33
 Stab: Distracted        |       |       |       |    14 |     6 ||    20
Armor: Scale mail        |    36 |    50 |    90 |   190 |    30 ||   396
       Ring mail         |       |       |       |       |   122 ||   122
Dodge: Dodged            |    21 |    40 |   181 |   389 |   266 ||   897
Block: Kite shield       |    54 |    62 |   245 |   536 |       ||   897
       Tower shield      |       |       |       |    16 |   942 ||   958
